 Dungeon Crawl Stone Soup version 0.18-a0-987-g0b0e4e7 (webtiles) character file.

12079 tof the Covert (level 11, 0/80 HPs)
             Began as a Demonspawn Monk on Jan 3, 2016.
             Was a High Priest of Okawaru.
             Slain by an orc warrior
             ... wielding a +0 war axe
             ... led by an orc knight
              (10 damage)
             ... on level 2 of the Orcish Mines.
             The game lasted 01:05:00 (11351 turns).

tof the Covert (Demonspawn Monk)                   Turns: 11351, Time: 01:05:01

Health: 0/80       AC: 19    Str: 16    XL:     11   Next: 57%
Magic:  0/13       EV: 17    Int: 13    God:    Okawaru [*****.]
Gold:   803        SH:  0    Dex: 17    Spells: 1 memorised, 11 levels left

rFire  . . .     SeeInvis .     d - +1 rapier (speed)
rCold  . . .     Gourm    .     R - +2 leather armour {rPois}
rNeg   . . .     Faith    .     (no shield)
rPois  +         Spirit   +     y - +2 helmet {Int+3}
rElec  .         Dismiss  .     (no cloak)
rCorr  .         Reflect  .     (gloves unavailable)
SustAt +         Harm     .     C - +2 pair of boots
MR     +....     Rnd*Rage +     J - necklace of Bloodlust {*Rage +Rage MR+ Str+2 Int-2 Slay+3 *Curse} (curse)
Stlth  +++++.....               T - +3 ring of strength
                                g - ring of sustain attributes

@: somewhat resistant to hostile enchantments, quite stealthy
A: claws 3, rough black scales 2, spiny 1, magic shield
a: Heroism, Finesse, Renounce Religion, Evoke Berserk Rage


You were on level 2 of the Orcish Mines.
You worshipped Okawaru.
Okawaru was extremely pleased with you.
You were not hungry.

You visited 3 branches of the dungeon, and saw 13 of its levels.

You collected 803 gold pieces.

Inventory:

Hand Weapons
 a - a +0 blowgun
 c - a +4 dagger of venom
 d - a +1 rapier of speed (weapon)
Missiles
 m - 46 poisoned needles
 n - 6 needles of slowing
 Q - 2 needles of sleeping
Armour
 y - a +2 helmet of intelligence (worn)
 C - a +2 pair of boots (worn)
 D - a +3 ring mail of magic resistance
 R - a +2 leather armour of poison resistance (worn)
 S - a troll hide
Jewellery
 g - a ring of sustain attributes (left claw)
 k - an uncursed amulet of regeneration
 l - an uncursed ring of protection from fire
 A - an uncursed ring of protection from cold
 J - the cursed necklace of Bloodlust (around neck) {*Rage +Rage MR+ Str+2 Int-2 Slay+3 *Curse}
   (You found it on level 7 of the Dungeon)

   [amulet of rage]

   It affects your strength (+2).
   It affects your intelligence (-2).
   It affects your accuracy and damage with ranged weapons and melee attacks
   (+3).
   It affects your resistance to hostile enchantments.
   It lets you go berserk.
   It may make you go berserk in combat.
   It may re-curse itself when equipped.
   It has a curse placed upon it.
 T - a +3 ring of strength (right claw)
Wands
 f - a wand of magic darts (19/48)
 q - a wand of slowing (29/48)
 w - a wand of fireball (8/15)
 L - a wand of random effects (20/48)
 N - a wand of frost (29/48)
Scrolls
 h - a scroll of immolation
 i - 10 scrolls of remove curse
 j - 4 scrolls of identify
 x - 2 scrolls of teleportation
 B - 4 scrolls of amnesia
 F - 4 scrolls of recharging {unknown}
 M - a scroll of fear {unknown}
 O - a scroll of magic mapping
Potions
 e - a potion of cure mutation
 r - a potion of invisibility {unknown}
 s - 2 potions of might {unknown}
 u - 2 potions of poison {unknown}
 z - 2 potions of cancellation
 E - 2 potions of lignification
 G - a potion of degeneration {unknown}
 K - 4 potions of curing
Books
 I - a book of Beasts

   Spells                             Type                      Level
   a - Summon Butterflies             Summoning                    1
   b - Call Canine Familiar           Summoning                    3
   c - Summon Ice Beast               Ice/Summoning                4
   d - Summon Mana Viper              Hexes/Summoning              5
   e - Summon Hydra                   Summoning                    7
Comestibles
 b - 4 bread rations
 o - 4 royal jellies
 p - 3 beef jerkies
 v - 6 meat rations
 H - 16 fruits
 P - a slice of pizza


   Skills:
 + Level 5.5 Fighting
 * Level 6.3 Short Blades
 * Level 7.3 Throwing
 + Level 5.3 Armour
 + Level 7.7 Dodging
 * Level 10.1 Stealth
 + Level 4.6 Unarmed Combat
 + Level 1.4 Spellcasting
 + Level 1.7 Summonings
 + Level 0.3 Invocations


You had 11 spell levels left.
You knew the following spells:

 Your Spells              Type           Power        Failure   Level  Hunger
a - Summon Butterflies    Summ           #.......     17%         1    ##.....


Dungeon Overview and Level Annotations

Branches:
Dungeon (10/15)            Temple (1/1) D:7             Orc (2/2) D:10
   Lair: D:8-11         Elf: Orc:2

Altars:
Ashenzari
Cheibriados
Dithmenos
Elyvilon
Fedhas
Gozag
Kikubaaqudgha
Makhleb
Okawaru
Pakellas
Qazlal
Ru
Sif Muna
Trog
Vehumet
Xom
Yredelemnul
Zin
The Shining One

Shops:
D:7 =   Orc:2 =


Innate Abilities, Weirdness & Mutations

You have claws for hands.
You are mostly covered in rough black scales (AC +7, Dex -2).
You are partially covered in sharp spines.
When hurt, damage is shared between your health and your magic reserves.


Message History

You hit the orc warrior but do no damage.
The orc warrior is severely wounded.
The orc knight hits you with a war axe! The orc warrior misses you.
The orc warrior hits you with a war axe!
You hit the orc warrior.
The orc warrior is almost dead.
You hit the orc knight.
The orc knight is moderately wounded.
The orc knight barely misses you.
The orc warrior is struck by your spines.
The orc warrior hits you but does no damage.
The orc warrior misses you.
You hit the orc knight.
The orc knight is moderately wounded.
You puncture the orc knight!
The orc knight is heavily wounded.
The orc knight hits you with a war axe!!
* * * LOW HITPOINT WARNING * * *
The orc warrior hits you with a war axe!
You die...

..##oo## #....#)..#.### #...
...#..o# +....#...#... #...
.......# ####.#####.## #...
.......# #..........# # ###...
.8...8{####.####.....# +.##8....
...^..oo....#..#..⌠..# #..'.....
.8...8.####.'..#.....####.##8....
.......####.#)!#.o....... ###...
.......#..#.####@#####.#### #.).
...#...#..').).oo#...#....+ #...
..##..##..#....#.#..)#....# ##.)
.. ...#####....#.##'##..).# #..
.##...##.......#..........# #.. .
....##.#####'###.###'##.+ #..
#...### #.).##.##...#.# ##. ....
#...##.##..)#.# #.
######+######.# ##


You could see an orc knight and 2 orc warriors.

Vanquished Creatures
  An orc high priest (D:10)
  A hill giant (D:10)
  An orc knight (Orc:1)
  An orc sorcerer (Orc:1)
  2 trolls
  A two-headed ogre (D:10)
  A wyvern (D:8)
  5 yaks (D:10)
  2 hungry ghosts (D:9)
  A steam dragon (D:9)
  4 wargs
  Duvessa (D:4)
  26 orc warriors
  2 black bears
  3 ice beasts
  3 phantoms
  A sky beast (D:10)
  11 ogres
  3 centaurs
  A crocodile (D:10)
  2 big kobolds
  10 giant frogs
  Dowan (D:4)
  A water moccasin skeleton (D:4)
  6 scorpions
  3 wights (D:9)
  A jelly (D:9)
  2 spriggan skeletons (D:9)
  3 giant frog zombies
  6 crimson imps
  A quasit (D:7)
  13 orc priests
  7 hounds
  3 centaur skeletons (D:9)
  8 orc wizards
  A giant frog skeleton (D:10)
  5 iguanas
  7 worker ants
  2 hound skeletons
  2 worker ant zombies
  Robin (D:3)
  11 adders
  A shadow imp (D:8)
  3 oozes
  An adder zombie (D:6)
  An adder skeleton (D:8)
  2 worms
  2 giant geckos
  64 orcs
  5 bats
  7 giant cockroaches
  13 hobgoblins
  14 jackals
  4 quokkas
  2 ball pythons
  2 giant newts (D:2)
  16 goblins
  A jackal skeleton (D:8)
  14 kobolds
  A quokka skeleton (D:5)
  9 rats
329 creatures vanquished.

Notes
Turn   | Place    | Note
--------------------------------------------------------------
     0 | D:1      | tof the Demonspawn Monk began the quest for the Orb.
     0 | D:1      | Reached XP level 1. HP: 18/18 MP: 1/1
   255 | D:1      | Gained mutation: You are partially covered in rough black scales (AC +4, Dex -1). [demonic ancestry]
   255 | D:1      | Reached XP level 2. HP: 1/24 MP: 2/2
  1543 | D:2      | Gained mutation: You are partially covered in sharp spines. [demonic ancestry]
  1543 | D:2      | Reached XP level 3. HP: 25/29 MP: 3/3
  1552 | D:2      | Reached skill level 1 in Short Blades
  1961 | D:3      | Gained mutation: You have sharp fingernails. [demonic ancestry]
  1961 | D:3      | Reached XP level 4. HP: 35/35 MP: 4/4
  2020 | D:3      | Gained mutation: You have very sharp fingernails. [demonic ancestry]
  2020 | D:3      | Reached XP level 5. HP: 41/41 MP: 5/5
  2432 | D:3      | Found a blossoming altar of Fedhas.
  2623 | D:4      | Reached skill level 4 in Dodging
  2626 | D:4      | Reached skill level 1 in Armour
  2701 | D:4      | Noticed Robin
  2756 | D:3      | Killed Robin
  2836 | D:4      | Reached XP level 6. HP: 47/47 MP: 6/6
  2923 | D:4      | Noticed Duvessa
  2926 | D:4      | Noticed Dowan
  2934 | D:4      | Killed Duvessa
  2939 | D:4      | Killed Dowan
  2957 | D:4      | Found a white marble altar of Elyvilon.
  2996 | D:4      | Gained mutation: You are mostly covered in rough black scales (AC +7, Dex -2). [demonic ancestry]
  2996 | D:4      | Reached XP level 7. HP: 42/52 MP: 7/7
  3426 | D:5      | Entered Level 5 of the Dungeon
  3446 | D:5      | Found a sacrificial altar of Ru.
  3468 | D:5      | Reached skill level 5 in Stealth
  4206 | D:6      | Reached skill level 5 in Dodging
  4206 | D:6      | Gained mutation: You have claws for hands. [demonic ancestry]
  4206 | D:6      | Reached XP level 8. HP: 60/60 MP: 8/8
  4271 | D:6      | Reached skill level 6 in Stealth
  4313 | D:6      | Found a basalt altar of Yredelemnul.
  4597 | D:7      | Found a staircase to the Ecumenical Temple.
  4635 | Temple   | Entered the Ecumenical Temple
  4645 | Temple   | Became a worshipper of Warmaster Okawaru
  4645 | Temple   | Reached * piety under Okawaru
  4645 | Temple   | Reached ** piety under Okawaru
  4941 | D:7      | Found Ijowob's Jewellery Shoppe.
  4991 | D:7      | Learned a level 1 spell: Summon Butterflies
  5018 | D:7      | Found a shimmering altar of Xom.
  5018 | D:7      | Found an oddly glowing altar of Pakellas.
  5202 | D:7      | Reached skill level 7 in Stealth
  5483 | D:8      | Reached skill level 1 in Spellcasting
  5504 | D:8      | Reached skill level 1 in Summonings
  5532 | D:8      | Reached *** piety under Okawaru
  5718 | D:8      | Reached XP level 9. HP: 65/65 MP: 10/10
  5946 | D:8      | Found an ancient bone altar of Kikubaaqudgha.
  6043 | D:8      | You fall through a shaft!
  6395 | D:8      | Reached skill level 8 in Stealth
  6553 | D:8      | Reached **** piety under Okawaru
  6838 | D:9      | Reached skill level 5 in Short Blades
  7081 | D:9      | Reached skill level 1 in Throwing
  7192 | D:9      | Gained mutation: When hurt, damage is shared between your health and your magic reserves. [demonic ancestry]
  7192 | D:9      | Reached XP level 10. HP: 73/73 MP: 12/12
  7242 | D:9      | Received a gift from Okawaru
  7773 | D:10     | Entered Level 10 of the Dungeon
  7890 | D:10     | Reached skill level 9 in Stealth
  8232 | D:10     | Noticed a hill giant
  8244 | D:10     | Killed a hill giant
  8244 | D:10     | Reached ***** piety under Okawaru
  8339 | D:10     | Reached skill level 5 in Throwing
  8485 | D:10     | Found a staircase to the Orcish Mines.
  8607 | Orc:1    | Entered Level 1 of the Orcish Mines
  8607 | Orc:1    | Noticed an orc high priest
  8964 | Orc:1    | Noticed an orc knight
  8970 | Orc:1    | Noticed an orc sorcerer
  9028 | D:10     | Killed an orc high priest
  9028 | D:10     | Reached skill level 5 in Fighting
  9028 | D:10     | Reached XP level 11. HP: 79/79 MP: 13/13
  9031 | D:10     | Reached skill level 5 in Armour
  9091 | Orc:1    | Killed an orc sorcerer
  9104 | Orc:1    | Killed an orc knight
  9104 | Orc:1    | Received a gift from Okawaru
  9555 | Orc:2    | Entered Level 2 of the Orcish Mines
 10838 | Orc:2    | Reached skill level 10 in Stealth
 10981 | Orc:2    | Found Qodgh's Jewellery Boutique.
 10982 | Orc:2    | Noticed an orc high priest
 11329 | Orc:2    | Noticed an orc knight
 11351 | Orc:2    | Slain by an orc warrior

Vault maps used:
D:1:      dpeg_arrival_orchard
D:3:      lemuel_coloured_pillars_altar
D:4:      elyvilon_altar_5, first_bread, uniq_robin, uniq_duvessa
D:5:      nicolae_ru_awakened_eye, serial_glass, glass_columns_a,
          glass_columns_a
D:6:      lemuel_round_altar
D:7:      gammafunk_temple_overflow_elements, minmay_temple_entry_hall,
          serial_shops, kennysheep_mini, minmay_misc_feat_rugged
D:8:      kennysheep_windowed_halls, lemuel_crystal_altar
D:9:      nicolae_overflow_hidden_temple, hangedman_tell_no_tales
D:10:     david_orc_1_choice, serial_shops,
          nicolae_shop_temple_entry_statues_fountains
Temple:   zaba_magenta_temple_12
Orc:1:    uniq_erolcha
Orc:2:    pubby_orc_utopia, serial_shops

Action                   |  1- 3 |  4- 6 |  7- 9 | 10-12 || total
-------------------------+-------+-------+-------+-------++-------
Melee: Dagger            |   140 |    93 |   214 |    86 ||   533
       Club              |     2 |       |       |       ||     2
       Unarmed           |     1 |       |    82 |   167 ||   250
       Rapier            |       |       |       |   117 ||   117
 Fire: Blowgun           |       |       |    57 |   281 ||   338
 Cast: Summon Butterflie |       |       |     2 |       ||     2
Invok: Heroism           |       |       |       |     1 ||     1
 Abil: Evoke Berserk Rag |       |       |       |     1 ||     1
  Use: Scroll            |       |       |    13 |     2 ||    15
       Potion            |       |       |     8 |     1 ||     9
 Stab: Sleeping          |     5 |     1 |    25 |    21 ||    52
       Distracted        |     1 |       |     1 |       ||     2
  Eat: Chunk             |     3 |     4 |     5 |    17 ||    29
       Bread ration      |       |       |     2 |     2 ||     4
       Royal jelly       |       |       |     1 |       ||     1
